 Dungeon Sprint DCSS version 0.21-a0-71-g5e5ddd2 (webtiles) character file.

16289 Kidiri the Eclecticist (level 12, -10/75 HPs)
             Began as a Deep Elf Fire Elementalist on June 19, 2017.
             Was the Champion of Vehumet.
             Engulfed by a cloud of freezing vapour (34 damage)
             ... in the Dungeon (Sprint III: "The Ten Rune Challenge").
             The game lasted 00:28:50 (4253 turns).

Kidiri the Eclecticist (Deep Elf Fire Elementalist) Turns: 4253, Time: 00:28:51

Health: -10/75     AC:  6    Str:  5    XL:     12   Next: 8%
Magic:  36/36      EV: 21    Int: 28    God:    Vehumet [******]
Gold:   47         SH:  0    Dex: 17    Spells: 0/48 levels left

rFire    + . .     SeeInvis .   t - +0 dagger
rCold    . . .     Gourm    .   (no shield)
rNeg     . . .     Faith    .   j - +2 robe {rF+}
rPois    .         Spirit   .   (no helmet)
rElec    .         Reflect  .   k - +0 cloak
rCorr    .         Harm     .   (no gloves)
MR       +....     NoTele   +   (no boots)
Stlth    ++........             (no amulet)
HPRegen  0.22/turn              (no ring)
MPRegen  0.25/turn              (no ring)

@: very slow
A: thin skeletal structure 1, camouflage 1, clever 1, deterioration 1, mutation
resistance 1, sense surroundings 1
a: Renounce Religion


You were in the Dungeon.
You worshipped Vehumet.
Vehumet was exalted by your worship.
You were not hungry.

You visited 1 branch You collected 47 gold pieces.

Inventory:

Hand Weapons
 t - a +0 dagger (weapon)
Armour
 j - a +2 robe of fire resistance (worn)
 k - a +0 cloak (worn)
Scrolls
 i - a scroll of blinking
 l - a scroll of torment
 n - 3 scrolls of remove curse
Potions
 g - 2 potions of magic
 h - 2 potions of berserk rage
 o - a potion of agility
 q - a potion of ambrosia {unknown}
 r - 2 potions of mutation
Comestibles
 a - 20 royal jellies
 c - 2 bread rations


   Skills:
 + Level 8.3 Fighting
 + Level 9.7 Short Blades
 + Level 8.3 Armour
 + Level 11.9 Dodging
 - Level 2.4 Stealth
 * Level 18.8 Spellcasting
 + Level 12.0 Conjurations
 + Level 12.3 Fire Magic
 + Level 9.2 Earth Magic
 + Level 8.7 Poison Magic


You couldn't memorise any spells.
You knew the following spells:

 Your Spells              Type           Power        Failure   Level  Hunger
a - Flame Tongue          Conj/Fire      #####        0%          1    None
b - Throw Flame           Conj/Fire      ######       0%          2    None
c - Conjure Flame         Conj/Fire      #######.     1%          3    None
d - Inner Flame           Hex/Fire       ######..     1%          3    None
e - Ignite Poison         Fire/Tmut/Pois ######..     1%          3    None
f - Sticky Flame          Conj/Fire      #######.     1%          4    None
g - Fireball              Conj/Fire      #######...   1%          5    None
h - Bolt of Magma         Conj/Fire/Erth ######....   1%          5    None
i - Bolt of Fire          Conj/Fire      #######...   1%          6    ##.....
j - Sandblast             Erth           ######       1%          1    None
k - Iron Shot             Conj/Erth      ######....   1%          6    ##.....
l - Searing Ray           Conj           ######       0%          2    None
m - Orb of Destruction    Conj           #######...   2%          7    ####...


Dungeon Overview and Level Annotations

Branches:
Dungeon (1/1)

Altars:
Cheibriados
Dithmenos
Elyvilon
Fedhas
Gozag
Hepliaklqana
Kikubaaqudgha
Makhleb
Nemelex Xobeh
Okawaru
Qazlal
Ru
Sif Muna
Trog
Uskayaw
Vehumet
Wu Jian
Xom
Yredelemnul
Zin
The Shining One
Beogh
Jiyva
Lugonu

Shops:
D [%:

Annotations:
D exclusion: 7 doors


Innate Abilities, Weirdness & Mutations

You have a somewhat thin skeletal structure. (Dex +2, Stealth)
Your skin changes colour to match your surroundings (Stealth+).
Your mind is acute. (Int +2)
Your body sometimes deteriorates upon taking damage.
You are somewhat resistant to further mutation.
You passively map a small area around you.


Message History

Unknown command.
Unknown command.
You are engulfed in freezing vapours.
You enter the shallow water.
Moving in this stuff is going to be slow.
You are engulfed in freezing vapours.
* * * LOW HITPOINT WARNING * * *
There is an entrance to Ollerphex's Antique Armour Shoppe here.
Unknown command.
Unknown command.
There is an entrance to Guana's Food Boutique here.
Unknown command.
Unknown command.
There is an entrance to Neisuhee's Book Emporium here.
Unknown command.
Unknown command.
You enter the shallow water.
Moving in this stuff is going to be slow.
You are engulfed in freezing vapours.
You die...

** ♣.♣♣ ** ,
** ♣♣≈♣ , *
≈ , ♣.♣♣ *,
, ♣.♣♣ , * *
, * ♣..♣ * ≈
, ♣♣≈♣♣ ##♣♣
, ♣♣.♣ ≈..♣
≈
♣♣..♣♣♣♣♣♣≈♣
♣≈.≈..§§§§@♣
, ,
♣.≈≈..§§§§.♣
* ≈≈
♣.♣≈.§§§§≈.♣
≈ ≈≈
♣♣♣♣♣♣♣♣∩∩∩♣
, ≈≈ ♣♣♣♣♣ *
* * ** * *
** , ≈, * +
, , * * , ≈
*


There were no monsters in sight!

Vanquished Creatures
  Rupert (D)
  An ice dragon (D)
  A centaur warrior (D)
  Erica (D)
  4 death yaks (D)
  Urug (D)
  2 unseen horrors (D)
  A lindwurm (D)
  A deep elf mage (D)
  2 black mambas (D)
  2 spiny frogs (D)
  A rime drake (D)
  A komodo dragon (D)
  A queen bee (D)
  2 tyrant leeches (D)
  3 wandering mushrooms (D)
  8 blink frogs (D)
  3 redbacks (D)
  A shadow (D)
  A spatial vortex (D)
  A hydra simulacrum (D)
  A swamp drake (D)
  A necrophage (D)
  2 centaurs (D)
  An earth elemental (D)
  A water elemental (D)
  32 killer bees (D)
  Crazy Yiuf (D)
  A jelly (D)
  A wizard (D)
  A necromancer (D)
  A kobold demonologist (D)
  3 humans (D)
  2 swamp drake simulacra (D)
  2 oozes (D)
  2 rats (D)
91 creatures vanquished.

Vanquished Creatures (others)
  2 draconian scorchers (D)
  An ice dragon (D)
  A hydra (D)
  6 hellions (D)
  3 yaktaurs (D)
  9 plants (D)
22 creatures vanquished.

Grand Total: 113 creatures vanquished

Notes
Turn   | Place    | Note
-------+----------+-------------------------------------------
     0 | D        | Kidiri the Deep Elf Fire Elementalist began the quest for the Orb.
     0 | D        | Reached XP level 1. HP: 10/10 MP: 6/6
     8 | D        | Reached skill level 4 in Spellcasting
    42 | D        | Reached XP level 2. HP: 12/15 MP: 3/9
    46 | D        | Learned a level 2 spell: Throw Flame
    46 | D        | Killed a yaktaur
    73 | D        | Killed a yaktaur
    75 | D        | Killed a hellion
   104 | D        | Reached skill level 5 in Spellcasting
   107 | D        | Killed a hellion
   109 | D        | Killed a hellion
   121 | D        | Killed a hellion
   122 | D        | Killed a hellion
   150 | D        | Killed a hellion
   152 | D        | Reached skill level 6 in Spellcasting
   152 | D        | Reached XP level 3. HP: 19/19 MP: 3/12
   157 | D        | Learned a level 3 spell: Conjure Flame
   161 | D        | Learned a level 3 spell: Inner Flame
   176 | D        | Killed a white draconian scorcher
   185 | D        | Killed a white draconian scorcher
   223 | D        | Noticed Crazy Yiuf
   225 | D        | Killed Crazy Yiuf
   225 | D        | Reached skill level 7 in Spellcasting
   225 | D        | Reached skill level 5 in Fire Magic
   256 | D        | Gained mutation: You have a pair of small horns on your head. [potion of mutation]
   256 | D        | Gained mutation: Your skin changes colour to match your surroundings (Stealth+). [potion of mutation]
   256 | D        | Gained mutation: You are clumsy. (Dex -2) [potion of mutation]
   256 | D        | Gained mutation: You are resistant to hostile enchantments. (MR+) [potion of mutation]
   257 | D        | Lost mutation: You are clumsy. (Dex -2) [potion of mutation]
   257 | D        | Lost mutation: You are resistant to hostile enchantments. (MR+) [potion of mutation]
   257 | D        | Gained mutation: You occasionally shout uncontrollably at your foes. [potion of mutation]
   257 | D        | Gained mutation: You passively map a small area around you. [potion of mutation]
   258 | D        | Lost mutation: You have a pair of small horns on your head. [potion of mutation]
   258 | D        | Lost mutation: You occasionally shout uncontrollably at your foes. [potion of mutation]
   258 | D        | Gained mutation: Your body sometimes deteriorates upon taking damage. [potion of mutation]
   258 | D        | Gained mutation: You possess an exceptional clarity of mind. [potion of mutation]
   258 | D        | Lost mutation: You possess an exceptional clarity of mind. [potion of mutation]
   258 | D        | Gained mutation: Your flesh is cold resistant. (rC+) [potion of mutation]
   259 | D        | Lost mutation: Your flesh is cold resistant. (rC+) [potion of mutation]
   259 | D        | Gained mutation: Your mind is acute. (Int +2) [potion of mutation]
   259 | D        | Gained mutation: You have a somewhat thin skeletal structure. (Dex +2, Stealth) [potion of mutation]
   259 | D        | Gained mutation: You are somewhat resistant to further mutation. [potion of mutation]
   268 | D        | Noticed a water elemental
   272 | D        | Killed a water elemental
   272 | D        | Reached skill level 9 in Spellcasting
   272 | D        | Reached skill level 5 in Conjurations
   272 | D        | Reached XP level 4. HP: 24/24 MP: 9/17
   279 | D        | Learned a level 4 spell: Sticky Flame
   323 | D        | Found a radiant altar of Vehumet.
   324 | D        | Found a deep blue altar of Sif Muna.
   324 | D        | Found an ancient bone altar of Kikubaaqudgha.
   324 | D        | Noticed a wizard
   326 | D        | Killed a wizard
   326 | D        | Reached XP level 5. HP: 16/28 MP: 13/19
   329 | D        | Reached skill level 10 in Spellcasting
   329 | D        | Killed a five-headed hydra
   340 | D        | Became a worshipper of Vehumet
   349 | D        | Learned a level 5 spell: Fireball
   493 | D        | Found a glowing silver altar of Zin.
   494 | D        | Found a glowing golden altar of the Shining One.
   494 | D        | Found a white marble altar of Elyvilon.
   494 | D        | Noticed a deep elf mage
   503 | D        | Noticed a fire elemental
   506 | D        | Killed a deep elf mage
   506 | D        | Reached skill level 5 in Dodging
   506 | D        | Reached skill level 12 in Spellcasting
   506 | D        | Reached XP level 6. HP: 37/37 MP: 17/23
   506 | D        | Reached XP level 7. HP: 41/41 MP: 17/24
   527 | D        | Found an ornate altar of the Wu Jian Council.
   527 | D        | Found a roughly hewn altar of Beogh.
   527 | D        | Found an iron altar of Okawaru.
   527 | D        | Found a bloodstained altar of Trog.
   527 | D        | Found a hide-covered altar of Uskayaw.
   527 | D        | Noticed a human
   530 | D        | Noticed a human
   531 | D        | Killed a human
   531 | D        | Killed a human
   531 | D        | Reached * piety under Vehumet
   531 | D        | Offered knowledge of Sandblast by Vehumet.
   630 | D        | Found a basalt altar of Yredelemnul.
   630 | D        | Found a shadowy altar of Dithmenos.
   630 | D        | Found a sacrificial altar of Ru.
   635 | D        | Reached skill level 13 in Spellcasting
   707 | D        | Learned a level 1 spell: Sandblast
   711 | D        | Offered knowledge of Searing Ray by Vehumet.
   711 | D        | Reached ** piety under Vehumet
   713 | D        | Noticed a shadow
   720 | D        | Killed a shadow
   720 | D        | Reached skill level 1 in Earth Magic
   720 | D        | Reached XP level 8. HP: 48/48 MP: 15/27
   733 | D        | Learned a level 2 spell: Searing Ray
   740 | D        | Killed a yaktaur
   776 | D        | Found a blossoming altar of Fedhas.
   776 | D        | Found a stormy altar of Qazlal.
   776 | D        | Found a snail-covered altar of Cheibriados.
   776 | D        | Found a burning altar of Makhleb.
   776 | D        | Found a shimmering altar of Xom.
   777 | D        | Found a hazy altar of Hepliaklqana.
   777 | D        | Found an opulent altar of Gozag.
   777 | D        | Found a sparkling altar of Nemelex Xobeh.
   777 | D        | Found a corrupted altar of Lugonu.
   777 | D        | Found a viscous altar of Jiyva.
   795 | D        | Reached skill level 5 in Short Blades
   872 | D        | Noticed Erica
   892 | D        | Killed Erica
   892 | D        | Offered knowledge of Ignite Poison by Vehumet.
   892 | D        | Reached skill level 14 in Spellcasting
   897 | D        | Learned a level 3 spell: Ignite Poison
  1112 | D        | Reached *** piety under Vehumet
  1190 | D        | Noticed a centaur warrior
  1191 | D        | Reached skill level 1 in Poison Magic
  1191 | D        | Reached XP level 9. HP: 53/53 MP: 23/29
  1191 | D        | Offered knowledge of Throw Icicle by Vehumet.
  1198 | D        | Killed a centaur warrior
  1198 | D        | Reached skill level 5 in Fighting
  1198 | D        | Reached skill level 5 in Armour
  1198 | D        | Reached skill level 15 in Spellcasting
  1248 | D        | Noticed an unseen horror
  1250 | D        | Noticed an unseen horror
  1256 | D        | Killed an unseen horror
  1256 | D        | Reached **** piety under Vehumet
  1256 | D        | Reached skill level 10 in Fire Magic
  1256 | D        | Reached skill level 5 in Earth Magic
  1262 | D        | Killed an unseen horror
  1352 | D        | Noticed a queen bee
  1356 | D        | Offered knowledge of Bolt of Magma by Vehumet.
  1362 | D        | Killed a queen bee
  1362 | D        | Reached XP level 10. HP: 57/60 MP: 22/31
  1376 | D        | Learned a level 5 spell: Bolt of Magma
  1424 | D        | Reached ***** piety under Vehumet
  1424 | D        | Offered knowledge of Orb of Destruction by Vehumet.
  1433 | D        | Learned a level 7 spell: Orb of Destruction
  1534 | D        | Reached skill level 10 in Conjurations
  1646 | D        | Offered knowledge of Bolt of Cold by Vehumet.
  1646 | D        | Reached skill level 16 in Spellcasting
  1670 | D        | Reached ****** piety under Vehumet
  1846 | D        | Offered knowledge of Poison Arrow by Vehumet.
  1996 | D        | Reached skill level 5 in Poison Magic
  2263 | D        | Noticed a spiny frog
  2263 | D        | Noticed a spiny frog
  2265 | D        | Killed a spiny frog
  2265 | D        | Offered knowledge of Venom Bolt by Vehumet.
  2265 | D        | Reached skill level 10 in Dodging
  2268 | D        | Killed a spiny frog
  2956 | D        | Noticed a lindwurm
  2960 | D        | Killed a lindwurm
  2960 | D        | Reached skill level 17 in Spellcasting
  2960 | D        | Reached XP level 11. HP: 49/67 MP: 16/34
  3044 | D        | Noticed Urug
  3050 | D        | Killed Urug
  3050 | D        | Offered knowledge of Iron Shot by Vehumet.
  3060 | D        | Learned a level 6 spell: Iron Shot
  3541 | D        | Noticed Rupert
  3567 | D        | Killed Rupert
  3567 | D        | Reached skill level 18 in Spellcasting
  3829 | D        | Noticed a death yak
  3830 | D        | Noticed a death yak
  3833 | D        | Noticed a death yak
  3834 | D        | Killed a death yak
  3834 | D        | Offered knowledge of Bolt of Fire by Vehumet.
  3837 | D        | Noticed a death yak
  3916 | D        | Killed a death yak
  3918 | D        | Killed a death yak
  3921 | D        | Killed a death yak
  4018 | D        | Reached XP level 12. HP: 65/74 MP: 22/36
  4026 | D        | Noticed an azure jelly
  4026 | D        | Noticed an azure jelly
  4094 | D        | Learned a level 6 spell: Bolt of Fire
  4100 | D        | Killed an ice dragon
  4107 | D        | Found Ollerphex's Antique Armour Shoppe.
  4107 | D        | Found Guana's Food Boutique.
  4109 | D        | Offered knowledge of Spellforged Servitor by Vehumet.
  4119 | D        | Noticed an ice dragon
  4122 | D        | Killed an ice dragon
  4238 | D        | Found Neisuhee's Book Emporium.
  4253 | D        | Engulfed by a cloud of freezing vapour

Vault maps used:
D:        dungeon_sprint_mu

Skill      XL: |  1  2  3  4  5  6  7  8  9 10 11 |
---------------+----------------------------------+-----
Spellcasting   | 4 6 9 12 13 14 15 17 18 | 18.8
Conjurations   | 2 3 5 7 8 9 10 12 | 12.0
Fire Magic     | 4 6 7 8 9 10 11 12 | 12.3
Fighting       | 3 4 5 7 8 |  8.3
Short Blades   | 3 4 5 7 8 9 |  9.7
Armour         | 3 4 5 7 8 |  8.3
Dodging        | 5 6 7 9 10 11 | 11.9
Earth Magic    | 1 3 5 7 9 |  9.2
Poison Magic   | 1 4 6 8 |  8.7
Stealth        | |  2.4

Action                   |  1- 3 |  4- 6 |  7- 9 | 10-12 || total
-------------------------+-------+-------+-------+-------++-------
Melee: Dagger            |       |       |       |    22 ||    22
 Cast: Flame Tongue      |    20 |     3 |    40 |    20 ||    83
       Conjure Flame     |     1 |       |     3 |    10 ||    14
       Sticky Flame      |       |     3 |     6 |    13 ||    22
       Fireball          |       |       |     6 |     2 ||     8
       Inner Flame       |       |       |     3 |     4 ||     7
       Throw Flame       |       |       |     1 |       ||     1
       Searing Ray       |       |       |     5 |     1 ||     6
       Ignite Poison     |       |       |     3 |       ||     3
       Bolt of Magma     |       |       |       |    33 ||    33
       Orb of Destructio |       |       |       |    25 ||    25
       Bolt of Fire      |       |       |       |     3 ||     3
  Use: Potion            |     4 |       |     2 |     2 ||     8
       Scroll            |       |       |       |     3 ||     3
 Stab: Sleeping          |       |       |       |     1 ||     1
  Eat: Chunk             |       |       |     2 |       ||     2
       Royal jelly       |       |       |       |     9 ||     9
Armor: Robe              |       |       |     3 |     8 ||    11
Dodge: Dodged            |     7 |       |    25 |    63 ||    95
